[Event "Late-Titled-Tuesday-Blitz-February-13-2024"]
[Site "Chess.com"]
[Date "2024.02.13"]
[Round "1"]
[White "Lion_DL"]
[Black "VladimirKramnik"]
[Result "0-1"]
[WhiteElo "2495"]
[BlackElo "2934"]
[TimeControl "180+1"]
[EndTime "14:01:49 PST"]
[Termination "VladimirKramnik won by resignation"]

1. d4 Nf6 2. c4 e6 3. Nf3 Bb4+ 4. Nbd2 b6 5. a3 Bxd2+ 6. Bxd2 Bb7 7. Bg5 h6 8. Bxf6 Qxf6 9. Qc2 Bxf3 10. exf3 Qxd4 11. Rd1 Qe5+ 12. Be2 Nc6 13. O-O Nd4 14. Rxd4 Qxd4 15. Rd1 Qe5 16. Qd3 O-O 0-1

[Event "Late-Titled-Tuesday-Blitz-February-13-2024"]
[Site "Chess.com"]
[Date "2024.02.13"]
[Round "1"]
[White "mr_gustavo"]
[Black "falzehope0"]
[Result "1-0"]
[WhiteElo "2741"]
[BlackElo "2393"]
[TimeControl "180+1"]
[EndTime "14:02:19 PST"]
[Termination "mr_gustavo won by resignation"]

1. d4 e6 2. c4 d5 3. Nf3 c6 4. Bg5 Ne7 5. e3 f6 6. Bf4 Ng6 7. Bg3 Be7 8. Nc3 f5 9. Bd3 O-O 10.
O-O f4 11. exf4 Nxf4 12. Bxf4 Rxf4 13. Qe2 Rf7 14. Ne5 Rf8 15. Qc2 Rf5 16. Bxf5 exf5 17. cxd5 Bf6 18. Rfe1 Na6 19. dxc6 Nb4 20. Qb3+ 1-0

[Event "Late-Titled-Tuesday-Blitz-February-13-2024"]
[Site "Chess.com"]
[Date "2024.02.13"]
[Round "1"]
[White "Sokoloco"]
[Black "vladoboch"]
[Result "1-0"]
[WhiteElo "2792"]
[BlackElo "2421"]
[TimeControl "180+1"]
[EndTime "14:02:43 PST"]
[Termination "Sokoloco won by checkmate"]

1. b3 e5 2. Bb2 Nc6 3. e3 Nf6 4. Nf3 e4 5. Nd4 Nxd4 6. Bxd4 d5 7. c4 c5 8. Bxf6 Qxf6 9. Nc3 Bd6 10. cxd5 O-O 11. Nxe4 Qe5 12. Nxd6 Qxd6 13. Bc4 a6 14. a4 Bd7 15. a5 f5 16. f4 Kh8 17. O-O Rae8 18.
Qf3 Rf6 19. Rfe1 Ref8 20. d3 Be8 21. g3 Rh6 22. e4 Bh5 23. Qf2 fxe4 24. dxe4 Qg6 25.
Qxc5 Bf3 26. Qxf8# 1-0

[Event "Late-Titled-Tuesday-Blitz-February-13-2024"]
[Site "Chess.com"]
[Date "2024.02.13"]
[Round "1"]
[White "tdf98pantani"]
[Black "pospisku"]
[Result "1-0"]
[WhiteElo "2686"]
[BlackElo "2348"]
[TimeControl "180+1"]
[EndTime "14:02:59 PST"]
[Termination "tdf98pantani won by resignation"]

1. d4 Nf6 2. c4 g6 3. Nc3 Bg7 4.
e4 d6 5. Nf3 O-O 6. Be2 e5 7.
d5 a5 8. Be3 Ng4 9. Bg5 f6 10.
Bh4 g5 11. Bg3 f5 12. Nd2 Nh6 13. f3 Na6 14. a3 Bd7 15. Bf2 Nc5 16. b4 axb4 17.
axb4 Na4 18. Nxa4 1-0

[Event "Late-Titled-Tuesday-Blitz-February-13-2024"]
[Site "Chess.com"]
[Date "2024.02.13"]
[Round "1"]
[White "lupta_robin"]
[Black "Qingdom"]
[Result "1-0"]
[WhiteElo "2556"]
[BlackElo "2168"]
[TimeControl "180+1"]
[EndTime "14:03:07 PST"]
[Termination "lupta_robin won by checkmate"]

1. b3 d5 2. Bb2 Nc6 3. Nf3 Bf5 4. e3 e6 5. c4 Nf6 6. cxd5 exd5 7. Bb5 a6 8. Bxc6+ bxc6 9. O-O Be7 10. Nc3 O-O 11.
Na4 c5 12. Rc1 Nd7 13. d4 cxd4 14. Nxd4 Bg6 15. Nc6 Qe8 16. Nxe7+ Qxe7 17. Rxc7 Qe6 18. Qd4 Nf6 19. Rfc1 Be4 20. f3 Bg6 21. g4 Rfe8 22. Kf2 h6 23. R1c6 Ne4+ 24. fxe4 Qxg4 25. Qxg7# 1-0

[Event "Late-Titled-Tuesday-Blitz-February-13-2024"]
[Site "Chess.com"]
[Date "2024.02.13"]
[Round "1"]
[White "dretch"]
[Black "Savagelittlemole"]
[Result "1-0"]
[WhiteElo "2862"]
[BlackElo "2468"]
[TimeControl "180+1"]
[EndTime "14:03:12 PST"]
[Termination "dretch won by resignation"]

1. d4 Nf6 2. c4 c5 3. d5 e6 4. Nc3 exd5 5. cxd5 d6 6. e4 g6 7. h3 Bg7 8. Nf3 O-O 9. Bd3 a6 10. a4 Re8 11. O-O Nbd7 12. Re1 Qe7 13. Bf4 Nh5 14.
Bh2 Ne5 15. Be2 Nxf3+ 16. Bxf3 Nf6 17. e5 dxe5 18. d6 Qf8 19. Bxe5 Bd7 20. Bxb7 Rab8 21. Bxa6 Rxb2 22. Bb5 Bxb5 23. Nxb5 Rxe5 24. Rxe5 Nd7 25.
Re7 Qd8 26. Qf3 Ne5 27. Qd5 Bf8 28. Qxe5 1-0

[Event "Late-Titled-Tuesday-Blitz-February-13-2024"]
[Site "Chess.com"]
[Date "2024.02.13"]
[Round "1"]
[White "SantoBlue"]
[Black "VitorBronson"]
[Result "1-0"]
[WhiteElo "2973"]
[BlackElo "2505"]
[TimeControl "180+1"]
[EndTime "14:03:15 PST"]
[Termination "SantoBlue won by resignation"]

1. e4 c5 2. Nf3 d6 3. Bb5+ Nd7 4. c3 a6 5. Ba4 b5 6. Bc2 Bb7 7.
d4 Ngf6 8. Qe2 e6 9. O-O Be7 10. a4 Qb6 11. Na3 c4 12. Bg5 O-O 13. e5 dxe5 14.
Nxe5 Rae8 15. axb5 axb5 16. Nxd7 Nxd7 17. Bxe7 Rxe7 18.
Qh5 Nf6 19. Qxb5 Qd6 20. Nxc4 Qf4 21. Qe5 Qg4 22. Qg3 Qe2 23. Bd3 Qh5 24. Ra5 Bd5 25. Ne3 g6 26. c4 Ra8 27. Nxd5 Rxa5 28. Nxf6+ 1-0

[Event "Late-Titled-Tuesday-Blitz-February-13-2024"]
[Site "Chess.com"]
[Date "2024.02.13"]
[Round "1"]
[White "lluiss"]
[Black "annasargsyan_m"]
[Result "0-1"]
[WhiteElo "2144"]
[BlackElo "2553"]
[TimeControl "180+1"]
[EndTime "14:03:16 PST"]
[Termination "annasargsyan_m won by resignation"]

1. e4 c6 2. d4 d5 3. exd5 cxd5 4. Bd3 Nf6 5. c3 Nc6 6. h3 g6 7. Bf4 Bg7 8. Nf3 O-O 9. O-O Bf5 10. Ne5 Rc8 11.
Nxc6 Rxc6 12. Be5 Bxd3 13. Qxd3 Ne4 14. Bxg7 Kxg7 15. Nd2 f5 16. Nf3 g5 17. Ne5 Rcf6 18. f4 gxf4 19. Rxf4 e6 20. Raf1 Rh6 21. Nf3 Rg6 22.
Ne5 Rg3 23. R1f3 Qg5 24. Rxg3 Nxg3 25. Qd2 Qxf4 0-1

[Event "Late-Titled-Tuesday-Blitz-February-13-2024"]
[Site "Chess.com"]
[Date "2024.02.13"]
[Round "1"]
[White "Grindaveci"]
[Black "aceontheturn"]
[Result "1-0"]
[WhiteElo "2443"]
[BlackElo "2801"]
[TimeControl "180+1"]
[EndTime "14:03:38 PST"]
[Termination "Grindaveci won by checkmate"]

1. e4 e6 2. d4 d5 3. Nc3 dxe4 4. Nxe4 Nd7 5. Nf3 Ngf6 6. Nxf6+ Nxf6 7. Bd3 Be7 8. O-O O-O 9. Re1 b6 10. Ne5 Bb7 11. c3 c5 12. Be3 Nd5 13. Qh5 g6 14. Nxg6 fxg6 15. Bxg6 Nf6 16. Qh6 Qd5 17. f3 hxg6 18.
Qxg6+ Kh8 19. Bg5 Rg8 20. Bxf6+ Bxf6 21. Qh6# 1-0

[Event "Late-Titled-Tuesday-Blitz-February-13-2024"]
[Site "Chess.com"]
[Date "2024.02.13"]
[Round "1"]
[White "mitrabhaa"]
[Black "Attacker_2006"]
[Result "1-0"]
[WhiteElo "2902"]
[BlackElo "2480"]
[TimeControl "180+1"]
[EndTime "14:03:42 PST"]
[Termination "mitrabhaa won by resignation"]

1. d4 d5 2. Bf4 Nf6 3. e3 e6 4. Nf3 Bd6 5. Nbd2 c5 6. c3 Nc6 7. Bd3 Qc7 8. Bxd6 Qxd6 9. O-O b6 10. e4 dxe4 11. Nxe4 Nxe4 12. Bxe4 Bb7 13. dxc5 Qxc5 14. Qe2 O-O 15. Rad1 Rad8 16. Rxd8 Rxd8 17. Rd1 Rxd1+ 18. Qxd1 g6 19. Qd7 1-0

[Event "Late-Titled-Tuesday-Blitz-February-13-2024"]
[Site "Chess.com"]
[Date "2024.02.13"]
[Round "1"]
[White "cristianserban1"]
[Black "Konavets"]
[Result "0-1"]
[WhiteElo "2512"]
[BlackElo "3033"]
[TimeControl "180+1"]
[EndTime "14:03:49 PST"]
[Termination "Konavets won by resignation"]

1. d4 Nf6 2. c4 e5 3. dxe5 Ng4 4. Bf4 g5 5. Bg3 Bg7 6. Nf3 Nc6 7. Nc3 Ngxe5 8.
Nxe5 Nxe5 9. e3 d6 10. Be2 Be6 11. Qa4+ c6 12. O-O-O Qe7 13. Ne4 O-O 14. Nxd6 Rad8 15. Ne4 f5 16. Nc3 f4 17. Rxd8 Qxd8 18. Rd1 Qe7 0-1

[Event "Late-Titled-Tuesday-Blitz-February-13-2024"]
[Site "Chess.com"]
[Date "2024.02.13"]
[Round "1"]
[White "PNEPaul"]
[Black "Perecke"]
[Result "0-1"]
[WhiteElo "1902"]
[BlackElo "2531"]
[TimeControl "180+1"]
[EndTime "14:03:57 PST"]
[Termination "Perecke won by resignation"]

1. e4 c5 2. Nf3 e6 3. d4 cxd4 4.
c3 Nc6 5. cxd4 d5 6. e5 f6 7. Nc3 fxe5 8. dxe5 g6 9. Bd3 Bg7 10.
Qe2 Nge7 11. O-O O-O 12. Re1 b6 13. Bg5 a5 14. Rad1 Nb4 15. Bb1 Ba6 16. Qd2 Qc7 17. a3 Nbc6 18. Rc1 Rxf3 19. gxf3 Nxe5 20. Rxe5 Qxe5 21. Bxe7 Qh5 22. Qf4 Bh6 0-1

[Event "Late-Titled-Tuesday-Blitz-February-13-2024"]
[Site "Chess.com"]
[Date "2024.02.13"]
[Round "1"]
[White "Willhaven3"]
[Black "MasterofMasters2006"]
[Result "1-0"]
[WhiteElo "2625"]
[BlackElo "2270"]
[TimeControl "180+1"]
[EndTime "14:03:58 PST"]
[Termination "Willhaven3 won by resignation"]

1. d4 Nf6 2. Nf3 d5 3. c4 e6 4.
Nc3 Be7 5. cxd5 exd5 6. Bf4 O-O 7.
e3 c6 8. Qc2 Bg4 9. Ne5 Bh5 10.
Bd3 Nbd7 11. O-O Rc8 12. a3 c5 13. Nxd7 Qxd7 14. Bf5 Qd8 15. Bxc8 Qxc8 16. dxc5 Qxc5 17. Be5 Nd7 18. Bd4 Qc6 19. Qf5 Bg6 20. Qxd5 Qc8 21. Rac1 Nf6 22. Qf3 Qe6 23. Qxb7 h5 24. Qxa7 h4 25. Qb6 Qf5 26. Qb5 Qg4 27. h3 Qe6 28. Qe5 Qa6 29. Qxe7 1-0

[Event "Late-Titled-Tuesday-Blitz-February-13-2024"]
[Site "Chess.com"]
[Date "2024.02.13"]
[Round "1"]
[White "ViIIagra"]
[Black "Tolya2"]
[Result "1-0"]
[WhiteElo "2965"]
[BlackElo "2503"]
[TimeControl "180+1"]
[EndTime "14:04:00 PST"]
[Termination "ViIIagra won by checkmate"]

1. g3 Nf6 2. Bg2 c5 3. e4 Nc6 4. f4 d6 5. d3 g6 6. Nf3 Bg7 7.
O-O O-O 8. h3 h5 9. a4 a6 10. c3 Qc7 11. Be3 Bd7 12. Nbd2 b5 13.
Ng5 b4 14. c4 a5 15. b3 Bc8 16. Ra2 Nd7 17. Ndf3 Nd4 18. Nxd4 cxd4 19. Bc1 Nc5 20. Raf2 Bb7 21. f5 Be5 22. Bf4 Kg7 23. fxg6 fxg6 24. Bxe5+ dxe5 25. Rf7+ Rxf7 26. Rxf7+ Kg8 27. Qf3 Qd6 28.
h4 Re8 29. Rg7+ Kxg7 30. Qf7+ Kh8 31. Qh7# 1-0

[Event "Late-Titled-Tuesday-Blitz-February-13-2024"]
[Site "Chess.com"]
[Date "2024.02.13"]
[Round "1"]
[White "kuli4ik"]
[Black "LastHeroJr"]
[Result "1-0"]
[WhiteElo "2873"]
[BlackElo "2475"]
[TimeControl "180+1"]
[EndTime "14:04:01 PST"]
[Termination "kuli4ik won by resignation"]

1. Nf3 Nf6 2. g3 d5 3. Bg2 c6 4. O-O Bf5 5. d3 Nbd7 6. Nh4 Bg6 7. Qe1 e6 8. e4 Bc5 9. Nc3 O-O 10. h3 Qc7 11. Kh2 Rfe8 12. f4 Bb6 13. g4 dxe4 14. dxe4 Nf8 15. Qg3 h6 16. Nxg6 Nxg6 17. e5 Nd5 18.
Ne4 Rad8 19. a3 a5 20. c4 Nde7 21. c5 Ba7 22. b4 Nd5 23. Rb1 axb4 24. axb4 b6 25.
Nd6 Re7 26. Be3 Nxe3 27. Qxe3 bxc5 28. bxc5 Nf8 29. Rfc1 Nd7 30. Rb7 Nxc5 31. Rxc7 Rxc7 32. Rxc5 Rb8 33. Qc3 1-0

[Event "Late-Titled-Tuesday-Blitz-February-13-2024"]
[Site "Chess.com"]
[Date "2024.02.13"]
[Round "1"]
[White "Flawless_Fighter"]
[Black "LogoCzar"]
[Result "1-0"]
[WhiteElo "2749"]
[BlackElo "2396"]
[TimeControl "180+1"]
[EndTime "14:04:05 PST"]
[Termination "Flawless_Fighter won by resignation"]

1. e4 c5 2. Nf3 Nc6 3. Bb5 d5 4. exd5 Qxd5 5. O-O Bg4 6. Nc3 Qf5 7. Bxc6+ bxc6 8. d3 Nf6 9. Re1 e6 10. Ne4 O-O-O 11.
Qe2 Be7 12. Ng3 Qd5 13. Ne4 h6 14. Bf4 Qf5 15. Bg3 Nd5 16. h3 Bxf3 17. Qxf3 Qxf3 18. gxf3 f5 19. Nd2 f4 20. Bh2 g5 21. Rxe6 Bd6 22.
Ne4 Kc7 23. Re1 Rhe8 24. Rxh6 Nb4 25. Re2 Nxa2 26. Kf1 Bf8 27. Rg6 Re5 28. Rxg5 Rxg5 29. Nxg5 Rd5 30. Ne6+ 1-0

[Event "Late-Titled-Tuesday-Blitz-February-13-2024"]
[Site "Chess.com"]
[Date "2024.02.13"]
[Round "1"]
[White "nitpicker"]
[Black "ukchessbomber"]
[Result "0-1"]
[WhiteElo "2251"]
[BlackElo "2593"]
[TimeControl "180+1"]
[EndTime "14:04:07 PST"]
[Termination "ukchessbomber won by resignation"]

1. d4 b5 2. e4 Bb7 3. f3 a6 4. Be3 e5 5. d5 f5 6. Qd2 Nf6 7. Bd3 fxe4 8. fxe4 Nxe4 9. Bxe4 Qh4+ 10. Kd1 Qxe4 11.
Nc3 Qg4+ 12. Nf3 Bb4 13. Kc1 d6 14. a3 Bxc3 15. bxc3 Qc4 16. Rd1 Nd7 17. Ng5 O-O 18. Rb1 Nf6 19. Ne6 Rf7 20. Rb4 Qxd5 21. Qxd5 Nxd5 0-1

[Event "Late-Titled-Tuesday-Blitz-February-13-2024"]
[Site "Chess.com"]
[Date "2024.02.13"]
[Round "1"]
[White "Msb2"]
[Black "Triumphmate"]
[Result "1-0"]
[WhiteElo "3010"]
[BlackElo "2509"]
[TimeControl "180+1"]
[EndTime "14:04:09 PST"]
[Termination "Msb2 won by resignation"]

1. d4 d5 2. c4 e6 3. Nc3 c6 4. Nf3 f5 5. Qc2 Nf6 6. g3 Be7 7. Bg2 O-O 8. O-O Ne4 9. Rb1 Nd7 10. b4 b6 11. b5 Nxc3 12. Qxc3 cxb5 13. cxd5 exd5 14.
Rxb5 Bb7 15. Bf4 Rc8 16. Qd2 Nf6 17. Rbb1 Ne4 18. Qb2 Bd6 19. Bxd6 Qxd6 20. Rbc1 Ba6 21. Ne5 f4 22. Bxe4 dxe4 23. Qb3+ Kh8 24. Nf7+ Rxf7 25. Rxc8+ Rf8 26. Qe6 Qb4 27. Rxf8+ Qxf8 28. Qxe4 fxg3 29. fxg3 Qd8 30. Rf7 h6 31. Qe5 Qg8 32. Re7 Bc4 33. Re8 1-0

[Event "Late-Titled-Tuesday-Blitz-February-13-2024"]
[Site "Chess.com"]
[Date "2024.02.13"]
[Round "1"]
[White "lucliasco"]
[Black "Walter_White_Poland"]
[Result "1-0"]
[WhiteElo "2835"]
[BlackElo "2438"]
[TimeControl "180+1"]
[EndTime "14:04:14 PST"]
[Termination "lucliasco won by checkmate"]

1. e3 e5 2. d4 exd4 3. exd4 d5 4.
Nf3 Bd6 5. c4 Nf6 6. c5 Be7 7.
Nc3 b6 8. cxb6 axb6 9. Bd3 O-O 10. O-O c5 11. Bf4 Nc6 12. Re1 Bg4 13. Nb5 h6 14. h3 Bh5 15. g4 Nxg4 16. hxg4 Bxg4 17.
Kg2 Bf6 18. dxc5 bxc5 19. Rc1 c4 20. Bb1 Ra5 21. Bc7 Qd7 22. Bxa5 Nxa5 23. Nc3 Rd8 24.
Qxd5 Qxd5 25. Nxd5 Bxb2 26. Rcd1 Kf8 27. Nc7 Rxd1 28.
Re8# 1-0

[Event "Late-Titled-Tuesday-Blitz-February-13-2024"]
[Site "Chess.com"]
[Date "2024.02.13"]
[Round "1"]
[White "hurricane7791"]
[Black "UK_23"]
[Result "1-0"]
[WhiteElo "2709"]
[BlackElo "2370"]
[TimeControl "180+1"]
[EndTime "14:04:18 PST"]
[Termination "hurricane7791 won by resignation"]

1. d4 d5 2. c4 e6 3. Nf3 Nf6 4. Nc3 Be7 5. Bf4 O-O 6. e3 b6 7. Qc2 c5 8. cxd5 Nxd5 9. Nxd5 exd5 10. Bd3 h6 11. O-O c4 12. Be2 Nc6 13. a4 Be6 14.
Rfc1 a6 15. b3 Nb4 16. Qb2 Nd3 17. Bxd3 cxd3 18. Qd2 Bf5 19. Ne5 g5 20. Bg3 h5 21.
h3 f6 22. Nxd3 Rc8 23. Rxc8 Qxc8 24. Nb4 a5 25. Nxd5 Bd8 26. Rc1 Qe6 27. Nc3 Qxb3 28. e4 Bd7 29. h4 Bxa4 30. Nd5 Bd7 31. hxg5 fxg5 32. Bc7 1-0

[Event "Late-Titled-Tuesday-Blitz-February-13-2024"]
[Site "Chess.com"]
[Date "2024.02.13"]
[Round "1"]
[White "AlleyOoper"]
[Black "NowInChess"]
[Result "1-0"]
[WhiteElo "2665"]
[BlackElo "2318"]
[TimeControl "180+1"]
[EndTime "14:04:18 PST"]
[Termination "AlleyOoper won by resignation"]

1. d4 Nf6 2. Nc3 e6 3. Bf4 d5 4. Nb5 Na6 5. a3 Be7 6. e3 O-O 7. Nf3 Ne4 8. c4 c6 9. Nc3 Nxc3 10. bxc3 Qa5 11. Qc2 c5 12. Bd3 Bd7 13. Bxh7+ Kh8 14. cxd5 exd5 15. O-O g6 16. Bxg6 fxg6 17. Qxg6 Qb6 18.
Be5+ Bf6 19. Ng5 Bf5 20. Qxf5 Qc7 21. Bxc7 Bxg5 22. Be5+ 1-0

[Event "Late-Titled-Tuesday-Blitz-February-13-2024"]
[Site "Chess.com"]
[Date "2024.02.13"]
[Round "1"]
[White "SmirnovTimofey2000"]
[Black "Dinamo3"]
[Result "0-1"]
[WhiteElo "1984"]
[BlackElo "2536"]
[TimeControl "180+1"]
[EndTime "14:04:20 PST"]
[Termination "Dinamo3 won by resignation"]

1. e4 c5 2. c3 Nf6 3. e5 Nd5 4. Nf3 Nc6 5. Bc4 Nb6 6. Bb3 d5 7. d4 cxd4 8. cxd4 Bg4 9. Be3 e6 10. O-O Na5 11. Ba4+ Nxa4 12. Qxa4+ Nc6 13. Nbd2 Be7 14.
Rac1 O-O 15. h3 Bf5 16. a3 a5 17. Nb3 Bd3 18. Rfd1 b5 19. Rxd3 bxa4 20. Rxc6 axb3 21. Rdc3 Rb8 22. Bd2 Bxa3 23. bxa3 b2 0-1

[Event "Late-Titled-Tuesday-Blitz-February-13-2024"]
[Site "Chess.com"]
[Date "2024.02.13"]
[Round "1"]
[White "Nemsko"]
[Black "chenxiaoyuer"]
[Result "0-1"]
[WhiteElo "2399"]
[BlackElo "2757"]
[TimeControl "180+1"]
[EndTime "14:04:24 PST"]
[Termination "chenxiaoyuer won by resignation"]

1. e4 c5 2. Nf3 d6 3. d4 cxd4 4. Nxd4 Nf6 5. Nc3 Nc6 6. Bg5 e6 7. Qd2 Qb6 8. O-O-O Qxd4 9. Qxd4 Nxd4 10. Rxd4 a6 11.
Bc4 Bd7 12. f3 Bc6 13. Rhd1 Be7 14. R4d2 d5 15. exd5 Nxd5 16. Bxe7 Nxc3 17. bxc3 Kxe7 18.
Kb2 g5 19. Re1 Rad8 20. Ree2 h5 21. Bd3 Kf6 22. Rf2 e5 23. Bc4 Ke7 24. Rfe2 f6 25. Rd3 h4 26. h3 Bd7 27. Bd5 Bb5 28. c4 Rxd5 29. Rxd5 Bxc4 30. Red2 Bxd5 31. Rxd5 Rd8 32. Rc5 Rd2 33. Rc7+ Rd7 34. Rc3 Ke6 35. Rb3 Kf5 36. Kc1 Kf4 37. Rb4+ Kg3 38. Rg4+ Kf2 39. c3 Rg7 40. Kc2 f5 41. Rc4 Kxg2 0-1

[Event "Late-Titled-Tuesday-Blitz-February-13-2024"]
[Site "Chess.com"]
[Date "2024.02.13"]
[Round "1"]
[White "rikchessmx"]
[Black "Alexei_Gubajdullin"]
[Result "0-1"]
[WhiteElo "2293"]
[BlackElo "2638"]
[TimeControl "180+1"]
[EndTime "14:04:24 PST"]
[Termination "Alexei_Gubajdullin won by checkmate"]

1. e4 e5 2. Nf3 Nf6 3. d3 Nc6 4. c3 Bc5 5. b4 Bb6 6. b5 Ne7 7.
Nxe5 d5 8. exd5 Nexd5 9. Nc4 O-O 10. Be2 Re8 11. O-O Bf5 12. Nxb6 axb6 13. c4 Nb4 14. Bg5 Nxd3 15. Bxf6 Qxf6 16. Nd2 Nb2 17. Qe1 Bd3 18. Bxd3 Rxe1 19. Bxh7+ Kxh7 20. Rfxe1 Nd3 21. Rf1 Nf4 22. Nf3 Nh3+ 23. Kh1 Nxf2+ 24. Kg1 Ng4 25. h3 Ne3 26. Rfc1 Ra3 27. c5 Nxg2 28. cxb6 Qxf3 29. bxc7 Ne3 30. c8=Q Qg2# 0-1

[Event "Late-Titled-Tuesday-Blitz-February-13-2024"]
[Site "Chess.com"]
[Date "2024.02.13"]
[Round "1"]
[White "szachmistrz2500"]
[Black "snowlord"]
[Result "0-1"]
[WhiteElo "2473"]
[BlackElo "2871"]
[TimeControl "180+1"]
[EndTime "14:04:25 PST"]
[Termination "snowlord won by resignation"]

1. d4 d5 2. Nf3 Bf5 3. c4 e6 4. Qb3 Nc6 5. Nc3 Nb4 6. e4 dxe4 7. Qa4+ c6 8. Ne5 e3 9. Bxe3 f6 10. g4 Bc2 11. b3 fxe5 12. c5 exd4 13. Qxb4 dxe3 14.
fxe3 Rb8 15. Bc4 Qh4+ 16. Kd2 Bg6 17. Bxe6 Qf2+ 18. Ne2 Rd8+ 19. Qd4 Rxd4+ 20. exd4 Nf6 21. Rhf1 Ne4+ 22. Kd3 Nxc5+ 23. Kc4 b5+ 0-1

[Event "Late-Titled-Tuesday-Blitz-February-13-2024"]
[Site "Chess.com"]
[Date "2024.02.13"]
[Round "1"]
[White "RandomNoob04"]
[Black "szefru"]
[Result "1-0"]
[WhiteElo "2599"]
[BlackElo "2256"]
[TimeControl "180+1"]
[EndTime "14:04:30 PST"]
[Termination "RandomNoob04 won by resignation"]

1. e4 e5 2. d4 exd4 3. Qxd4 Nc6 4. Qe3 Nf6 5. e5 Nd5 6. Qe4 Nb6 7. Nf3 Be7 8. Nc3 O-O 9. Bd3 g6 10. Bh6 Re8 11.
O-O-O d5 12. Qf4 Nb4 13. Ng5 Nxd3+ 14. Rxd3 Bf5 15. g4 Be6 16. h4 Bf8 17. Bxf8 Rxf8 18.
h5 Qd7 19. Nxh7 g5 20. Nf6+ Kh8 21. Qxg5 1-0

[Event "Late-Titled-Tuesday-Blitz-February-13-2024"]
[Site "Chess.com"]
[Date "2024.02.13"]
[Round "1"]
[White "Zhigalko_Sergei"]
[Black "bitter-cikolata"]
[Result "1-0"]
[WhiteElo "2925"]
[BlackElo "2494"]
[TimeControl "180+1"]
[EndTime "14:04:32 PST"]
[Termination "Zhigalko_Sergei won by resignation"]

1. e4 e5 2. Nf3 Nc6 3. Bc4 Bc5 4. b4 Bxb4 5. c3 Ba5 6. d4 exd4 7. O-O Nge7 8. Ng5 d5 9. Nxf7 Kxf7 10. exd5 Ne5 11. Bb3 Qd6 12. Ba3 Qg6 13. d6+ Be6 14. dxe7 d3 15.
f4 Bb6+ 16. Kh1 Ng4 17. f5 Qh5 18. fxe6+ Ke8 19. Rf8+ 1-0

[Event "Late-Titled-Tuesday-Blitz-February-13-2024"]
[Site "Chess.com"]
[Date "2024.02.13"]
[Round "1"]
[White "Inepton_Fermion"]
[Black "DeTimmerman"]
[Result "0-1"]
[WhiteElo "2377"]
[BlackElo "2718"]
[TimeControl "180+1"]
[EndTime "14:04:32 PST"]
[Termination "DeTimmerman won by resignation"]

1. Nf3 Nf6 2. b3 e6 3. Bb2 d5 4. e3 Be7 5. c4 O-O 6. Nc3 b6 7.
d4 Bb7 8. Bd3 Nbd7 9. O-O Ne4 10. Bxe4 dxe4 11. Nd2 f5 12. a3 c5 13. d5 exd5 14.
Nxd5 Bxd5 15. cxd5 Bf6 16. Nc4 b5 17. Bxf6 Nxf6 18.
Ne5 Qd6 19. Nc6 Rf7 20. a4 b4 21. Rc1 Nxd5 22. Na5 Rd8 23. Nc4 Qe7 24. Qc2 Nc3 25.
h3 Qe6 26. Nd2 Ne2+ 27. Kh2 Nxc1 28. Rxc1 Qd6+ 0-1

[Event "Late-Titled-Tuesday-Blitz-February-13-2024"]
[Site "Chess.com"]
[Date "2024.02.13"]
[Round "1"]
[White "KnobbedHornbill"]
[Black "SpeedofLight0"]
[Result "0-1"]
[WhiteElo "2514"]
[BlackElo "3049"]
[TimeControl "180+1"]
[EndTime "14:04:34 PST"]
[Termination "SpeedofLight0 won by resignation"]

1. d4 Nf6 2. c4 d6 3. g3 Bd7 4. Nf3 g6 5. Bg2 Qc8 6. h3 Bg7 7. Nc3 Nc6 8. d5 Nb8 9. e4 O-O 10. Bf4 a5 11. Qd2 Na6 12. O-O-O Nc5 13. e5 Nh5 14. Be3 f5 15. e6 Ba4 16. Bxc5 Bxd1 17. Bd4 Bxf3 18. Bxf3 Nf6 19. h4 c6 20. h5 cxd5 21. cxd5 Qc4 22. hxg6 hxg6 23. Kb1 Ne4 24. Nxe4 Qxd4 25. Qxd4 Bxd4 26. Ng5 Bxf2 27. Rh7 Be3 28.
Rxe7 Bxg5 29. Rxb7 Rfb8 0-1

[Event "Late-Titled-Tuesday-Blitz-February-13-2024"]
[Site "Chess.com"]
[Date "2024.02.13"]
[Round "1"]
[White "HaryKane"]
[Black "HanSchut"]
[Result "1-0"]
[WhiteElo "2597"]
[BlackElo "2254"]
[TimeControl "180+1"]
[EndTime "14:04:36 PST"]
[Termination "HaryKane won by resignation"]

1. d4 Nf6 2. e3 g6 3. f4 Bg7 4. Nf3 O-O 5. Bd3 d6 6. e4 e5 7.
fxe5 dxe5 8. d5 c6 9. c4 cxd5 10.
cxd5 Qb6 11. Qe2 Nbd7 12. Be3 Qb4+ 13. Nc3 Nc5 14. O-O-O Bg4 15. Bc2 Rac8 16. a3 Nb3+ 17. Kb1 Qa5 18. Bxb3 Rxc3 19. Bd2 Rfc8 20. Bxc3 Rxc3 21.
bxc3 Nd7 22. Kb2 Bf8 23. a4 Nc5 24. Qb5 Qd8 25. d6 a6 26. Qxc5 1-0

[Event "Late-Titled-Tuesday-Blitz-February-13-2024"]
[Site "Chess.com"]
[Date "2024.02.13"]
[Round "1"]
[White "Road2GM3000"]
[Black "ckgchess"]
[Result "0-1"]
[WhiteElo "2469"]
[BlackElo "2862"]
[TimeControl "180+1"]
[EndTime "14:04:47 PST"]
[Termination "ckgchess won by resignation"]

1. d4 Nf6 2. c4 g6 3. Nc3 Bg7 4. e4 O-O 5. f4 d6 6. Nf3 Bg4 7. Bd3 Nc6 8. Be3 e5 9. fxe5 dxe5 10. d5 Nd4 11. O-O Nh5 12. Qe1 Bxf3 13. gxf3 Nf4 14. Bxf4 exf4 15. Ne2 Re8 16. Nxf4 Qf6 17. Qg3 Re5 18.
Kh1 Rg5 19. Nh5 Rxh5 20. f4 Re8 21. e5 Qb6 22. b3 a5 23. f5 Bxe5 0-1

[Event "Late-Titled-Tuesday-Blitz-February-13-2024"]
[Site "Chess.com"]
[Date "2024.02.13"]
[Round "1"]
[White "volkanyirik"]
[Black "MetiForce"]
[Result "0-1"]
[WhiteElo "2464"]
[BlackElo "2858"]
[TimeControl "180+1"]
[EndTime "14:04:52 PST"]
[Termination "MetiForce won by resignation"]

1. e4 c5 2. Nc3 Nc6 3. f4 g6 4. Bc4 Bg7 5. Nf3 e6 6. O-O Nge7 7. Qe1 O-O 8. d3 d5 9. Bb3 b5 10. Nxb5 Qb6 11. c4 dxe4 12. dxe4 a6 13. Nc3 Nd4 14. Na4 Qc6 15. Bd1 Bb7 16. Nc3 Rad8 17.
Qh4 Nc8 18. Be3 Qb6 19. Rb1 Rd7 20. Ba4 Nxf3+ 21. gxf3 Rd3 22. Bf2 Rxf3 23. e5 f6 24. b4 Rxc3 25. Bxc5 Qd8 26. Bxf8 Qd4+ 27. Qf2 Qxf2+ 28.
Rxf2 Bxf8 29. c5 fxe5 30. fxe5 Ne7 31. Bb3 Bd5 32. Rbf1 Bh6 33. Rf7 Be3+ 0-1

[Event "Late-Titled-Tuesday-Blitz-February-13-2024"]
[Site "Chess.com"]
[Date "2024.02.13"]
[Round "1"]
[White "TanitoluwaAps116"]
[Black "kaanadayhamle"]
[Result "0-1"]
[WhiteElo "2778"]
[BlackElo "2440"]
[TimeControl "180+1"]
[EndTime "14:04:54 PST"]
[Termination "kaanadayhamle won by resignation"]

1. e4 e5 2. Nf3 Nc6 3. Bc4 Bc5 4. d3 d6 5. O-O h6 6. c3 a6 7. a4 Nge7 8. Nbd2 O-O 9. Re1 Ba7 10. Nf1 Kh8 11. Be3 Bxe3 12. Nxe3 f5 13. exf5 Nxf5 14. Qd2 Nxe3 15. Rxe3 Qf6 16. Rae1 Bg4 17. Bd5 Rab8 18. b4 Ne7 19. Bb3 Nf5 20. h3 Nxe3 21. hxg4 Nxg4 22. d4 Rbe8 23. dxe5 dxe5 24. Bc2 Qf4 25. Qd3 e4 26.
Rxe4 Qc1+ 27. Ne1 Qxe1+ 28. Rxe1 Rxe1+ 29. Qf1 Rxf1+ 30. Kxf1 Rxf2+ 0-1